 Dungeon Crawl Stone Soup version 0.31-a0-1338-gb567cfdca4 (webtiles) character file.

Game seed: 12522007291990456590

76 wildpjah the Magician (level 4, 0/32 HPs)
             Began as a Djinni Fire Elementalist on Dec 22, 2023.
             Slain by an orc
             ... wielding a +0 club
              (4 damage)
             ... on level 3 of the Dungeon.
             The game lasted 00:06:59 (1802 turns).

wildpjah the Magician (Djinni Fire Elementalist)    Turns: 1802, Time: 00:07:00

Health: 0/32       AC:  2    Str:  7    XL:     4   Next: 57%
Gold:   131        EV: 13    Int: 19    God:
                   SH:  0    Dex: 19

rFire   + + .        l - +0 long sword
rCold   . . .        (no shield)
rNeg    . . .        a - +0 robe
rPois   ∞            (no helmet)
rElec   .            (no cloak)
rCorr   .            (no gloves)
SInv    .            (boots unavailable)
Will    .....        s - amulet of regeneration
Stlth   ++           g - +6 ring of dexterity
HPRegen 1.05/turn    r - ring of protection from cold
MPRegen 0.00/turn

%: infuse magic (-1 HP)
@: flying
A: sickness immunity, fire resistance 2, cold vulnerability 1, float, innate
caster, HP casting, extra vitality 1
a: no special abilities


You were on level 3 of the Dungeon.
You visited 1 branch of the dungeon, and saw 3 of its levels.

You collected 131 gold pieces.

Inventory:

Hand Weapons
 f - a +0 dagger
 l - a +0 long sword (weapon)
Missiles
 b - 3 javelins
Armour
 a - a +0 robe (worn)
Jewellery
 g - a +6 ring of dexterity (left hand)
 r - a ring of protection from cold (right hand)
 s - an amulet of regeneration (around neck)
Scrolls
 c - a scroll of torment {unknown}
 d - a scroll of fear {unknown}
 h - a scroll of identify {unknown}
 m - 2 scrolls of vulnerability {unknown}
 n - a scroll of teleportation {unknown}
 p - a scroll of enchant weapon {unknown}
 q - 2 scrolls of amnesia {unknown}
 t - a scroll of enchant armour {unknown}
 u - a scroll of noise {unknown}
Potions
 e - 2 potions of heal wounds {unknown}
 i - 2 potions of lignification {unknown}
 j - a potion of brilliance {unknown}
 k - 2 potions of degeneration {unknown}
 o - a potion of might {unknown}


   Skills:
 * Level 1.0 Fighting
 + Level 0.1 Long Blades
 + Level 3.2 Dodging
 + Level 2.6 Stealth
 + Level 3.2 Spellcasting
 + Level 3.2 Conjurations
 + Level 3.2 Hexes
 + Level 3.2 Summonings
 + Level 3.2 Necromancy
 + Level 3.2 Translocations
 + Level 3.2 Fire Magic
 + Level 3.2 Ice Magic
 + Level 3.2 Air Magic
 + Level 3.2 Earth Magic
 + Level 3.2 Alchemy


You knew the following spells:

 Your Spells              Type           Power      Damage    Failure   Level
a - Foxfire               Conj/Fire      60%        2x1d7     4%          1
b - Scorch                Fire           30%        2d6       6%          2
c - Volatile Blastmotes   Fire/Tloc      30%        2d12      12%         3
d - Inner Flame           Hex/Fire       15%        N/A       12%         3
e - Flame Wave            Conj/Fire      15%        2d7       36%         4
f - Summon Small Mammal   Summ           60%        N/A       4%          1
Your spell library was empty.

Dungeon Overview and Level Annotations

Branches:
Dungeon (3/15)

Altars:
Fedhas
Gozag

Shops:
D:1 [


Innate Abilities, Weirdness & Mutations

You are immune to sickness and miasma.
You are immune to poison.
Your flesh is very heat resistant. (rF++)
You are vulnerable to cold. (rC-)
You float through the air rather than walking.
You learn spells naturally, not from books.
Your magical power is your life essence.
You have superior vitality. (+4 MHP)


Message History

The orc's wounds heal themselves!
The foxfire hits the orc priest but does no damage.
The orc priest is heavily wounded.
The foxfire hits the orc.
The orc is severely wounded.
The foxfire hits the orc.
You kill the orc!
Casting: Foxfire (safe; 4% risk of failure)
Press: ? - help, Q - select action, (/) - cycle Dir - look around, f - activate You conjure some foxfire!
* * * LOW HITPOINT WARNING * * *
The foxfire hits the orc but does no damage.
The foxfire hits the orc.
The orc is almost dead.
Casting: Foxfire (safe; 4% risk of failure)
Press: ? - help, Q - select action, (/) - cycle Dir - look around, f - activate You conjure some foxfire!
* * * LOW HITPOINT WARNING * * *
You barely miss the orc.
The orc is almost dead.
The foxfire hits the orc priest.
The orc priest is severely wounded.
The foxfire hits the orc priest but does no damage.
The orc priest is severely wounded.
The orc priest calls upon Beogh to heal the orc.
The orc's wounds heal themselves!
The orc barely misses you.
Casting: Foxfire (safe; 4% risk of failure)
Press: ? - help, Q - select action, (/) - cycle Dir - look around, f - activate You conjure some foxfire!
* * * LOW HITPOINT WARNING * * *
The orc priest hits you with a +0 club.
* * * LOW HITPOINT WARNING * * *
The orc barely misses you.
You closely miss the orc priest.
The orc priest is severely wounded.
The foxfire hits the orc but does no damage. x2
The orc priest hits you with a +0 club.
* * * LOW HITPOINT WARNING * * *
The orc hits you with a +0 club.
You die...

#.....÷..........####......
#..........###......##.##..
#..........# #.......#.####
#..).......# #.......#.####
#..........# #.............
#..........###).....##.####
#............#......##.# #.
#..........§.#......##.###.
#.........@..#########.....
#.........oo.# #####.
#########....# #. #....# #.
#.)..# #. #†...# #. #.)..#
#. #)$..# ## ......


You could see an orc priest and an orc.

Vanquished Creatures
  An orc priest (D:3)
  An adder (D:2)
  2 worms (D:2)
  3 orcs (D:3)
  3 endoplasms
  A giant cockroach (D:1)
  2 goblins
  2 hobgoblins
  2 jackals (D:1)
  A quokka (D:2)
  2 bats
  2 frilled lizards (D:1)
  4 kobolds
  5 rats
31 creatures vanquished.

Vanquished Creatures (others)
  150 foxfires
150 creatures vanquished.

Grand Total: 181 creatures vanquished

Notes
Turn   | Place    | Note
-------+----------+-------------------------------------------
     0 | D:1      | wildpjah the Djinni Fire Elementalist began the quest for
                  | the Orb.
     0 | D:1      | wildpjah set off with the following spells memorised:
                  | Foxfire, Scorch, Volatile Blastmotes, Inner Flame, Flame
                  | Wave.
     0 | D:1      | Reached XP level 1. HP: 15/15 MP: 0/0
   206 | D:1      | Found Dakhloef's Armour Shop.
   304 | D:1      | Reached XP level 2. HP: 20/21 MP: 0/0
   658 | D:2      | Reached XP level 3. HP: 21/25 MP: 0/0
   658 | D:2      | Learned a level 1 spell: Summon Small Mammal
   719 | D:2      | Identified the +3 leather armour of Pocvaafi {rC+}
  1000 | D:2      | Found a faded altar of an unknown god.
  1598 | D:3      | Found a blossoming altar of Fedhas.
  1600 | D:3      | Found an opulent altar of Gozag.
  1790 | D:3      | Reached skill level 1 in Fighting
  1790 | D:3      | Reached XP level 4. HP: 14/32 MP: 0/0
  1802 | D:3      | Slain by an orc

Illustrated notes

Levels and vault maps discovered:
D:1:      elethiomel_arrival_infinity_welcomes_careful_drivers, layout_rooms,
          serial_shops, nicolae_shop_rolling_square
D:2:      layout_loops_ring, shapermc_ecumenical_altar_mp_highgroup,
          basic_altar, minmay_crystal_water, serial_park_tiny_1,
          reono_crystal_passage
D:3:      layout_basic, minitemple

Skill      XL: |  1  2  3 |
---------------+----------+-----
Stealth        | 2 |  2.6
Dodging        | 3 |  3.2
Fighting       | 1 |  1.0
Long Blades    | |  0.1
Spellcasting   | |  3.2
Conjurations   | |  3.2
Hexes          | |  3.2
Summonings     | |  3.2
Necromancy     | |  3.2
Translocations | |  3.2
Fire Magic     | |  3.2
Ice Magic      | |  3.2
Air Magic      | |  3.2
Earth Magic    | |  3.2
Alchemy        | |  3.2

Action                     |  1- 3 |  4- 6 || total
---------------------------+-------+-------++-------
  Melee: Unarmed           |     2 |       ||     2
         Dagger            |     1 |       ||     1
         Long sword        |    13 |     2 ||    15
   Cast: Foxfire           |    75 |     9 ||    84
   Stab: Sleeping          |     1 |       ||     1
 Armour: Robe              |     8 |     3 ||    11
  Dodge: Dodged            |     8 |     2 ||    10

Table legend: (Time is in decaauts)
 A = Elapsed time spent in this place.
 B = Non-inter-level travel time spent in this place.
 C = Inter-level travel time spent in this place.
 D = Time resting spent in this place.
 E = Time spent auto-exploring this place.
 F = Levels seen in this place.
 G = Mean time per level.
                   A        B        C        D        E       F      G
               +--------+--------+--------+--------+--------+-----+--------+
         Total |   1805 |   1766 |     39 |      0 |   1477 |   3 |  601.7 |
       Dungeon |   1805 |   1766 |     39 |      0 |   1477 |   3 |  601.7 |
               +--------+--------+--------+--------+--------+-----+--------+

Top non-repeatable levels by time:
     D:2: 762 daAuts
     D:1: 611 daAuts
     D:3: 430 daAuts
